 Dungeon Crawl Stone Soup version 0.31-a0-321-g19405a7a6a (webtiles) character file.

Game seed: 7247213903106062556

676 RepHenryClay the Insei (level 7, -1/50 HPs)
             Began as a Demonspawn Shapeshifter on July 17, 2023.
             Slain by an ice beast (9 damage)
             ... on level 6 of the Dungeon.
             The game lasted 00:06:26 (4366 turns).

RepHenryClay the Insei (Demonspawn Shapeshifter)    Turns: 4366, Time: 00:06:27

Health: -1/50      AC:  2    Str: 15    XL:     7   Next: 33%
Magic:  7/7        EV: 14    Int: 10    God:
Gold:   221        SH:  0    Dex: 15    Spells: 6/6 levels left

rFire   . .          .
                       - Unarmed
rCold   . . .        (no shield)
rNeg    + . .        a - +0 animal skin
rPois   +            (helmet currently unavailable)
rElec   .            (cloak currently unavailable)
rCorr   .            (gloves currently unavailable)
SInv    .            (boots currently unavailable)
Will    .....        (no amulet)
Stlth   +            g - ring of poison resistance
HPRegen 0.28/turn    m - ring of positive energy
MPRegen 0.10/turn

%: no passive effects
@: beast-form
A: beast (slay +2), claws 1, sturdy frame 1
a: Begin Untransformation


You were on level 6 of the Dungeon.
You were a hulking beast.
You visited 1 branch of the dungeon, and saw 6 of its levels.

You collected 221 gold pieces.

Inventory:

Armour
 a - a +0 animal skin (worn)
 l - a +2 pair of boots
Jewellery
 g - a ring of poison resistance (left claw)
 m - a ring of positive energy (right claw)
 v - a ring of flight
Talismans
 c - a beast talisman
Scrolls
 d - 2 scrolls of amnesia {unknown}
 e - 6 scrolls of identify {unknown}
 h - a scroll of silence {unknown}
 i - a scroll of blinking {unknown}
 n - a scroll of enchant armour {unknown}
Potions
 b - 2 potions of lignification
 f - a potion of resistance {unknown}
 j - a potion of attraction {unknown}
 k - a potion of mutation {unknown}
 o - a potion of berserk rage {unknown}
 p - a potion of ambrosia
 q - a potion of magic {unknown}
 r - a potion of curing
 s - a potion of haste {unknown}
 t - a potion of brilliance {unknown}
 u - a potion of degeneration {unknown}


   Skills:
 - Level 2.0 Fighting
 - Level 4.5 Dodging
 - Level 5.2 Unarmed Combat
 + Level 3.9 Shapeshifting


You had 6 spell levels left.
You didn't know any spells.
Your spell library contained the following spells:

 Spells                   Type           Power      Damage    Failure   Level
 Scorch                   Fire           0%         2d5       50%         2
 Wereblood                Tmut           0%         N/A       50%         2
 Call Canine Familiar     Summ           0%         N/A       75%         3
 Portal Projectile        Hex/Tloc       0%         N/A       75%         3
 Flame Wave               Conj/Fire      0%         2d4       98%         4
 Leda's Liquefaction      Hex/Erth       0%         N/A       98%         4
 Irradiate                Conj/Tmut      0%         3d11      100%        5
 Summon Cactus Giant      Summ           0%         N/A       100%        6


Dungeon Overview and Level Annotations

Branches:
Dungeon (6/15)
 Temple: D:4-7

Altars:

Shops:
D:5 =

Annotations:
D:3 1 runed translucent door, Crazy Yiuf


Innate Abilities, Weirdness & Mutations

You are a hulking beast.
Your limbs bulge with bestial killing power. (Slay +2)
You have sharp fingernails.
Your movements are slightly less encumbered by armour. (ER -2)


Message History

The scorpion is severely wounded.
The scorpion closely misses you.
You scratch the scorpion.
The scorpion is almost dead.
The scorpion stings you.
Damage: -6%(-3hp) hp: 68%(34hp)
You closely miss the scorpion.
The scorpion is almost dead.
The scorpion closely misses you.
You closely miss the scorpion.
The scorpion is almost dead.
The scorpion stings you.
You are poisoned.
The scorpion poisons you!
Damage: -10%(-5hp) hp: 58%(29hp) Unknown command.
You scratch the scorpion.
You kill the scorpion!
You feel very sick.
Damage: -6%(-3hp) hp: 52%(26hp)
You scratch the ice beast. Your claw misses the ice beast.
The ice beast is lightly wounded.
You feel sick. The ice beast hits you. The ice beast freezes you.
* * * LOW HITPOINT WARNING * * *
Huge Dmg: -20%(-10hp) hp: 32%(16hp)
You feel better. The ice beast hits you. The ice beast freezes you!
* * * LOW HITPOINT WARNING * * *
Huge Dmg: -12%(-6hp) hp: 20%(10hp)
Okay, then.
Really quaff the potion of lignification?
Okay, then.
You claw the ice beast!
The ice beast is moderately wounded.
The ice beast barely misses you.
You scratch the ice beast.
The ice beast is heavily wounded.
The ice beast hits you.
* * * LOW HITPOINT WARNING * * *
The ice beast freezes you!
You die...

..# ..# ...
#.# #.# #.#
#Y# .⌠. #h#
... #.##
#.####
#.##..#####
#.##..
#.........#
##.##.#
#.#######.#
##.>.#(# # #.#
#......#
#.#####.......
#............(
#.######...#.#


You could see an ice beast.

Vanquished Creatures
  A water moccasin (D:4)
  An ogre (D:5)
  2 scorpions
  3 hounds (D:5)
  A jelly (D:5)
  A sleepcap (D:5)
  An orc wizard (D:4)
  An iguana (D:4)
  7 adders
  3 worms
  2 dart slugs
  10 orcs
  11 endoplasms
  5 giant cockroaches
  5 goblins
  5 hobgoblins
  2 jackals (D:2)
  4 quokkas
  9 ball pythons
  4 bats
  6 frilled lizards
  11 kobolds
  4 rats
99 creatures vanquished.

Notes
Turn   | Place    | Note
-------+----------+-------------------------------------------
     0 | D:1      | RepHenryClay the Demonspawn Shapeshifter began the quest
                  | for the Orb.
     0 | D:1      | Reached XP level 1. HP: 16/16 MP: 1/1
   155 | D:1      | Reached skill level 2 in Unarmed Combat
   199 | D:1      | Gained mutation: You have sharp fingernails. [demonic
                  | ancestry]
   199 | D:1      | Reached XP level 2. HP: 16/22 MP: 2/2
   666 | D:1      | Reached skill level 3 in Unarmed Combat
   773 | D:1      | Gained mutation: Your movements are slightly less
                  | encumbered by armour. (ER -2) [demonic ancestry]
   773 | D:1      | Reached XP level 3. HP: 27/27 MP: 3/3
  1075 | D:2      | Identified the +3 spear of Rafui {distort, rN+}
  1357 | D:2      | Reached XP level 4. HP: 29/33 MP: 4/4
  2281 | D:3      | Found a runed translucent door.
  2282 | D:3      | Noticed Crazy Yiuf
  2295 | D:3      | Found a faded altar of an unknown god.
  2660 | D:4      | Reached skill level 4 in Unarmed Combat
  2660 | D:4      | Reached XP level 5. HP: 24/38 MP: 5/5
  2811 | D:4      | Noticed a water moccasin
  3102 | D:4      | Killed a water moccasin
  3103 | D:4      | Reached XP level 6. HP: 11/44 MP: 6/6
  3514 | D:5      | Entered Level 5 of the Dungeon
  3536 | D:5      | Reached skill level 5 in Unarmed Combat
  3880 | D:5      | Reached XP level 7. HP: 50/50 MP: 7/7
  4137 | D:5      | Found Fityre Qigh's Jewellery Boutique.
  4366 | D:6      | Slain by an ice beast

Illustrated notes

Levels and vault maps discovered:
D:1:      tarquinn_simple_flora_water_a, layout_loops_corners,
          serial_bayou_lagoon_b
D:2:      layout_loops_ring, wad_floor_pattern_untrapped, dk_noncrumbling_4,
          nrook_uturn
D:3:      layout_basic, basic_ecumenical_altar, nicolae_eternal_life,
          uniq_crazy_yiuf_cottage
D:4:      layout_rooms, grunt_ministairs_13
D:5:      layout_basic, serial_shops, shop_statue, kennysheep_generic_room_13
D:6:      layout_loops_ring, minitemple, minmay_temple_entry_junction,
          serial_bayou_ford_a, due_unseen_surprise

Skill      XL: |  1  2  3  4  5  6 |
---------------+-------------------+-----
Unarmed Combat | 2 3 4 5 |  5.2
Dodging        | 2 3 4 |  4.5
Shapeshifting  | 3 |  3.9
Fighting       | |  2.0

Action                     |  1- 3 |  4- 6 |  7- 9 || total
---------------------------+-------+-------+-------++-------
  Melee: Unarmed           |   101 |   177 |    23 ||   301
         Punch             |     6 |     3 |       ||     9
    Use: Potion            |       |     2 |     1 ||     3
   Stab: Sleeping          |     2 |     3 |       ||     5
         Distracted        |       |       |     1 ||     1
 Armour: Animal skin       |     8 |    17 |     1 ||    26
  Dodge: Dodged            |    64 |    96 |    12 ||   172

Table legend: (Time is in decaauts)
 A = Elapsed time spent in this place.
 B = Non-inter-level travel time spent in this place.
 C = Inter-level travel time spent in this place.
 D = Time resting spent in this place.
 E = Time spent auto-exploring this place.
 F = Levels seen in this place.
 G = Mean time per level.
                   A        B        C        D        E       F      G
               +--------+--------+--------+--------+--------+-----+--------+
         Total |   4360 |   4273 |     87 |    128 |   3437 |   6 |  726.7 |
       Dungeon |   4360 |   4273 |     87 |    128 |   3437 |   6 |  726.7 |
               +--------+--------+--------+--------+--------+-----+--------+

Top non-repeatable levels by time:
     D:1: 989 daAuts
     D:2: 878 daAuts
     D:3: 842 daAuts
     D:4: 803 daAuts
     D:5: 802 daAuts
     D:6: 43 daAuts
